 Dungeon Crawl Stone Soup version 0.17.0-9-g801d43b (console) character file.

16 gw the Cudgeler (level 2, 27/27 HPs)
             Began as a Minotaur Chaos Knight on Nov 9, 2015.
             Quit the game on level 1 of the Dungeon.
             The game lasted 00:03:00 (887 turns).

gw the Cudgeler (Minotaur Chaos Knight)              Turns: 887, Time: 00:03:00

Health: 27/27      AC:  6    Str: 16    XL:     2   Next: 41%
Magic:  1/1        EV: 11    Int:  9    God:    Xom [..*...]
Gold:   11         SH:  0    Dex:  9    Spells: 0 memorised, 1 level left

rFire  . . .     SeeInvis .     a - +0 mace (chaos)
rCold  . . .     Clarity  .     b - +2 leather armour
rNeg   . . .     SustAt   .     (no shield)
rPois  .         Gourm    .     (helmet restricted)
rElec  .         Spirit   .     (no cloak)
rCorr  .         Warding  .     d - +0 pair of gloves
rMut   .         Stasis   .     (no boots)
MR     .....                    (no amulet)
Stlth  +.........               (no ring)
                                (no ring)

@: not resistant to hostile enchantments, very unstealthy
A: retaliatory headbutt, horns 2
a: Renounce Religion


You were on level 1 of the Dungeon.
You worshipped Xom.
You were a toy of Xom.
You were not hungry.

You visited 1 branch of the dungeon, and saw 1 of its levels.

You collected 11 gold pieces.

Inventory:

Hand Weapons
 a - a +0 mace of chaos (weapon)
Armour
 b - a +2 leather armour (worn)
 d - a +0 pair of gloves (worn)
Comestibles
 c - 2 bread rations


   Skills:
 + Level 3.7 Fighting
 * Level 3.9 Maces & Flails
 + Level 1.3 Throwing
 + Level 2.7 Armour
 - Level 1.1 Dodging


You had one spell level left.
You didn't know any spells.

Dungeon Overview and Level Annotations

Branches:
Dungeon (1/15)

Altars:

Annotations:
D:1 1 runed door


Innate Abilities, Weirdness & Mutations

You reflexively headbutt those who attack you in melee.
You have a pair of horns on your head.


Message History

Unknown command.
Unknown command.
Unknown command.
Unknown command.
Unknown command.
Quiver which item? (- for none, * to show all) (? for menu, Esc to quit)
Reset throwing quiver to default.
Unknown command.
Unknown command.
Unknown command.
Quiver which item? (- for none, * to show all) (? for menu, Esc to quit)
Reset throwing quiver to default.
Unknown command.
Unknown command.
Unknown command.
Unknown command.
Unknown command.
Unknown command.
Infinite lua loop detected, aborting.
Are you sure you want to abandon this character and quit the game? (Confirm with "yes".)

.# ##.## #.###!.##.# #.##.#
.#####.#####.###..##.####.##.#
.............##...........##.#
%.........................##.##
######.#.###'#######'###.=....#
.........#..}...>...}=.#..##%.#
#######..#......<......#..##..#
# #..'}....###....}'.###..### #
#..#......H......#......... #
#.)#######+#######.####.### #
#..#


.hsrhsJ #.# #.# #..# ....hhshs.. #.# #.# ##?#.............#.# #.#
#.###############.# #.# #.................####.# ####....#..####..>..##.#
#...................# You could see an ooze, 4 jackals and 4 giant cockroaches.

Table legend:
 A = Turns spent in this place as a percentage of turns spent in the entire game.
 B = Non-inter-level travel turns spent in this place as a percentage of non-inter-level travel turns spent in the entire game.
 C = Inter-level travel turns spent in this place as a percentage of turns spent in this place.
 D = Turns resting spent in this place as a percentage of non-inter-level travel turns spent in this place.
 E = Turns spent auto-exploring this place as a percentage of non-inter-level travel turns spent in this place.
 F = Non-inter-level travel turns spent in this place divided by the number of levels of this place that you've seen.
                   A       B       C       D       E      F
               +-------+-------+-------+-------+-------+----------------------
         Total | 100.0 | 100.0 |   0.0 |   0.1 |   5.7 | 4930.0
       Dungeon | 100.0 | 100.0 |   0.0 |   0.1 |   5.7 | 4930.0
               +-------+-------+-------+-------+-------+----------------------

Table legend:
 A = Kills in this place as a percentage of kills in entire the game.
 B = Kills by you in this place as a percentage of kills by you in the entire game.
 C = Kills by friends in this place as a percentage of kills by friends in the entire game.
 D = Other kills in this place as a percentage of other kills in the entire game.
 E = Experience gained in this place as a percentage of experience gained in the entire game.
 F = Experience gained in this place divided by the number of levels of this place that you have seen.
                   A       B       C       D       E      F
               +-------+-------+-------+-------+-------+----------------------
         Total | 100.0 | 100.0 |  -nan |  -nan | 100.0 |  24.0
       Dungeon | 100.0 | 100.0 |  -nan |  -nan | 100.0 |  24.0
               +-------+-------+-------+-------+-------+----------------------

Vanquished Creatures
  3 bats (D:1)
  5 goblins (D:1)
  A hobgoblin (D:1)
  3 kobolds (D:1)
  A giant newt (D:1)
  2 rats (D:1)
15 creatures vanquished.

Notes
Turn   | Place    | Note
--------------------------------------------------------------
     0 | D:1      | gw the Minotaur Chaos Knight began the quest for the Orb.
     0 | D:1      | Reached XP level 1. HP: 19/19 MP: 0/0
     2 | D:1      | Found a runed door.
    73 | D:1      | XOM: butterfly on damage
   232 | D:1      | XOM: silly message
   347 | D:1      | Reached skill level 1 in Throwing
   377 | D:1      | Reached XP level 2. HP: 27/27 MP: 1/1
   453 | D:1      | XOM: divination: magic mapping
   501 | D:1      | XOM: silly message
   515 | D:1      | XOM: harmless Chrm miscast
   887 | D:1      | Quit the game

Action                   || total
-------------------------++-------
Melee: Mace              ||    29

Vault maps used:
D:1:      dpeg_arrival_caged_fury
